 Dungeon Crawl Stone Soup version 0.31-a0-232-gb1c03b2570 (webtiles) character file.

Game seed: 15248032315761673178

242 qw the Shooter (level 5, -4/45 HPs)
             Began as a Minotaur Hexslinger on July 6, 2023.
             Slain by an ogre
             ... wielding a +0 giant club
              (14 damage)
             ... on level 4 of the Dungeon.
             The game lasted 00:00:59 (2670 turns).

qw the Shooter (Minotaur Hexslinger)                Turns: 2670, Time: 00:00:59

Health: -4/45      AC:  6    Str: 12    XL:     5   Next: 82%
Magic:  5/5        EV: 11    Int: 10    God:
Gold:   137        SH:  0    Dex: 15    Spells: 5/6 levels left

rFire   . . .        Y - +2 sling
rCold   . . .        (no shield)
rNeg    . . .        b - +1 ring mail {Will+}
rPois   .            (helmet restricted)
rElec   .            (no cloak)
rCorr   .            (no gloves)
SInv    .            (no boots)
Will    +....        (no amulet)
Stlth   +            (no ring)
HPRegen 0.27/turn    (no ring)
MPRegen 0.09/turn

%: no passive effects
@: no status effects
A: horns 2, retaliatory headbutt
a: no special abilities


You were on level 4 of the Dungeon.
You visited 1 branch of the dungeon, and saw 4 of its levels.

You collected 137 gold pieces.


Innate Abilities, Weirdness & Mutations

You have a pair of horns on your head.
You reflexively headbutt those who attack you in melee.


   Skills:
 - Level 3.4 Fighting
 + Level 5.9 Ranged Weapons
 - Level 1.0 Armour
 - Level 2.1 Dodging
 - Level 1.0 Spellcasting
 - Level 2.0 Hexes


You had 5 spell levels left.
You knew the following spells:

 Your Spells              Type           Power      Damage    Failure   Level
a - Slow                  Hex            16%        N/A       34%         1

Your spell library contained the following spells:

 Spells                   Type           Power      Damage    Failure   Level
 Inner Flame              Hex/Fire       2%         N/A       83%         3
 Portal Projectile        Hex/Tloc       4%         N/A       83%         3
 Cause Fear               Hex            2%         N/A       98%         4

Inventory:

Hand Weapons
 Y - a +2 sling (weapon)
Armour
 b - a +1 ring mail of willpower (worn)
Scrolls
 c - 2 scrolls of identify
Potions
 a - a potion of cancellation
 f - a potion of resistance
 g - a potion of enlightenment

Dungeon Overview and Level Annotations

Branches:
Dungeon (4/15)
 Temple: D:4-7

Altars:
Zin

Annotations:
D:1 1 runed translucent door


Message History

The magic dart hits you.
You shoot a sling bullet.
Reactivating autopickup.
You feel a bit more experienced.
You start resting.
HP restored.
Things that are here:
a +0 short sword; a +0 club; an orc corpse
Things that are here:
a +0 dagger; a +0 robe; an orc corpse
Things that are here:
a +0 dagger; a +0 chain mail You now have 137 gold pieces (gained 6).
An adder comes into view.
The adder hisses angrily.
You shoot a sling bullet. The sling bullet hits the adder.
The adder is heavily wounded.
You shoot a sling bullet. The sling bullet hits the adder.
The adder is severely wounded.
The adder bites you but does no damage. The adder barely misses you.
You shoot a sling bullet. The sling bullet hits the adder.
You kill the adder!
Found a stone staircase leading down.
An ogre comes into view. It is wielding a +0 giant club.
The ogre shouts!
The ogre moves out of view.
The ogre barely misses you.
You shoot a sling bullet. The sling bullet hits the ogre.
The ogre is lightly wounded.
The ogre hits you with a +0 giant club!!
Ouch! That really hurt!
You shoot a sling bullet. The sling bullet hits the ogre.
The ogre is moderately wounded.
You shoot a sling bullet.
The sling bullet barely misses the ogre.
The ogre hits you with a +0 giant club!
You shoot a sling bullet. The sling bullet hits the ogre!
The ogre is heavily wounded.
The ogre hits you with a +0 giant club!
You die...

########
####......###
#.......O...#
#@#.#.# ##..#.#
##########
##.#.###.........
##...<.........%##
#.........(.<..)..
#.##.#.#########)##
## #.#.# ####.##
#.#.######...)..
#.#............#


You could see an ogre.

Vanquished Creatures
  An orc priest (D:4)
  An orc wizard (D:4)
  Natasha (thrice) (D:3)
  Robin (D:3)
  3 adders
  2 dart slugs
  3 orcs
  2 bats
  4 endoplasms
  3 giant cockroaches
  10 goblins
  10 hobgoblins
  3 jackals (D:3)
  5 kobolds
  6 quokkas
  3 ball pythons
  4 frilled lizards
  4 rats
68 creatures vanquished.

Notes
Turn   | Place    | Note
-------+----------+-------------------------------------------
     0 | D:1      | qw the Minotaur Hexslinger began the quest for the Orb.
     0 | D:1      | Reached XP level 1. HP: 16/16 MP: 1/1
     0 | D:1      | 0 ||| qw: Version: 0.3-a-46-gb1f654a
     0 | D:1      | 0 ||| qw: Game counter: 2039
     0 | D:1      | 0 ||| qw: Melee chars always use a shield: true
     0 | D:1      | 0 ||| qw: God list: Okawaru
     0 | D:1      | 0 ||| qw: Allow faded altars: false
     0 | D:1      | 0 ||| qw: Do Orc after clearing Dungeon:15 true
     0 | D:1      | 0 ||| qw: Do second Lair branch before Depths: true
     0 | D:1      | 0 ||| qw: Lair rune preference: random
     0 | D:1      | 0 ||| qw: Goals: Normal
     0 | D:1      | 0 ||| PLANNING D:1-11
     1 | D:1      | Found a runed translucent door.
   150 | D:1      | Reached skill level 3 in Ranged Weapons
   173 | D:1      | Reached XP level 2. HP: 23/23 MP: 2/2
   552 | D:1      | 552 ||| READING scroll labelled UCYLYXK PIADUA.
   553 | D:1      | 553 ||| READING scroll labelled ZIMUOSHUOW.
   554 | D:1      | 554 ||| READING scroll labelled AGIUSURYEL.
   555 | D:1      | 555 ||| DROPPING scroll of poison.
   614 | D:2      | Reached XP level 3. HP: 24/29 MP: 3/3
   892 | D:2      | Reached skill level 4 in Ranged Weapons
   892 | D:2      | Found a glowing silver altar of Zin.
  1170 | D:2      | 1170 ||| UPGRADING to +0 ring mail.
  1180 | D:2      | 1180 ||| UPGRADING to +1 ring mail of willpower.
  1190 | D:2      | 1190 ||| DROPPING +0 ring mail.
  1191 | D:2      | 1191 ||| DROPPING +0 robe.
  1192 | D:2      | 1192 ||| DROPPING scarf of shadows.
  1193 | D:2      | 1193 ||| READING scroll labelled KOUMUG GUITZ.
  1342 | D:3      | Reached skill level 1 in Armour
  1404 | D:3      | Noticed Robin
  1415 | D:3      | HP: 7/29 [hobgoblin[Robin] (1)]
  1416 | D:3      | HP: 3/29 [hobgoblin[Robin] (3)]
  1421 | D:3      | Reached XP level 4. HP: 4/36 MP: 4/4
  1550 | D:3      | Killed Robin
  1600 | D:3      | Noticed Natasha
  1607 | D:3      | Killed Natasha
  1640 | D:3      | Reached skill level 5 in Ranged Weapons
  1852 | D:3      | Noticed a phantom
  1934 | D:3      | Noticed Natasha
  1942 | D:3      | Killed Natasha
  1955 | D:3      | Noticed Natasha
  1971 | D:3      | HP: 5/37 [Natasha (8)]
  1973 | D:3      | HP: 2/37 [cerulean imp/+0 spear[Natasha] (4)]
  1974 | D:3      | Killed Natasha
  1975 | D:3      | Reached skill level 3 in Fighting
  1975 | D:3      | Reached XP level 5. HP: 3/45 MP: 5/5
  2313 | D:3      | 2313 ||| READING scroll labelled WAUMIL JUIMUSS.
  2414 | D:3      | 2414 ||| DRINKING 2 bubbling cyan potions.
  2445 | D:3      | 2445 ||| DRINKING 2 bubbling ruby potions.
  2446 | D:3      | 2446 ||| DRINKING 2 glowing red potions.
  2447 | D:3      | 2447 ||| READING 3 scrolls of identify.
  2447 | D:3      | 2447 ||| IDENTIFYING fuming amethyst potion
  2448 | D:3      | 2448 ||| DROPPING potion of lignification.
  2665 | D:4      | Noticed an ogre
  2669 | D:4      | HP: 10/45 [ogre/+0 giant club (8)]
  2670 | D:4      | Slain by an ogre

Levels and vault maps discovered:
D:1:      dpeg_arrival_caged_fury, layout_basic
D:2:      layout_basic, basic_altar, serial_rivers,
          chequers_serial_rivers_micro_c, chequers_serial_rivers_marsh,
          chequers_serial_rivers_large_a, chequers_serial_rivers_marsh,
          chequers_serial_rivers_room_b
D:3:      layout_loops_ring, amethyst_killhole, lightli_corner_chamber,
          uniq_natasha, uniq_robin
D:4:      layout_loops_ring

Skill      XL: |  1  2  3  4 |
---------------+-------------+-----
Ranged Weapons | 3 4 5 |  5.9
Fighting       | 2 3 |  3.4
Armour         | 1 |  1.0
Dodging        | |  2.1
Spellcasting   | |  1.0
Hexes          | |  2.0

Action                     |  1- 3 |  4- 6 || total
---------------------------+-------+-------++-------
   Fire: Sling             |   148 |   107 ||   255
    Use: Scroll            |     4 |     2 ||     6
         Potion            |       |     3 ||     3
 Armour: Robe              |     7 |       ||     7
         Ring mail         |    23 |    32 ||    55
  Dodge: Dodged            |    48 |    36 ||    84

Table legend:
 A = Non-vault XP
 B = Vault XP
 C = Vault XP percentage of total XP
 D = Non-vault monster count
 E = Vault monster count
 F = Vault count percentage of total count
                 A         B        C        D         E       F
            +---------+---------+-------+---------+---------+-------
      Total |     277 |      70 |  20.2 |      55 |      13 |  19.1
            +---------+---------+-------+---------+---------+-------
        D:1 |      33 |       0 |   0.0 |      18 |       0 |   0.0
        D:2 |      33 |       0 |   0.0 |      13 |       0 |   0.0
        D:3 |     100 |      70 |  41.2 |      18 |      13 |  41.9
        D:4 |     111 |       0 |   0.0 |       6 |       0 |   0.0
            +---------+---------+-------+---------+---------+-------
